 Dungeon Crawl Stone Soup version 0.18.1-6-gd335043 (webtiles) character file.

3193 oplop the Blocker (level 9, -6/86 HPs)
             Began as a Deep Dwarf Fighter on May 19, 2016.
             Was an Initiate of Makhleb.
             Mangled by an ogre
             ... wielding a +0 giant club
              (10 damage)
             ... on level 9 of the Dungeon.
             The game lasted 00:12:18 (5379 turns).

oplop the Blocker (Deep Dwarf Fighter)              Turns: 5379, Time: 00:12:19

Health: -6/86      AC: 10    Str: 20    XL:     9   Next: 64%
Magic:  11/11      EV:  9    Int: 11    God:    Makhleb [......]
Gold:   461        SH: 11    Dex: 13    Spells: 0 memorised, 8 levels left

rFire  . . .     SeeInvis .     L - +3 war axe (venom)
rCold  . . .     Gourm    .     b - +0 scale mail
rNeg   + . .     Faith    .     c - +0 shield
rPois  .         Spirit   .     (helmet restricted)
rElec  +         Dismiss  .     B - +1 cloak
rCorr  .         Reflect  .     r - +0 pair of gloves
SustAt .         Harm     +     (no boots)
MR     ++...                    o - amulet of harm
Stlth  ..........               m - ring of positive energy
                                I - ring of protection from magic

@: non-regenerating, very resistant to hostile enchantments, extremely
unstealthy
A: damage resistance, recharge devices, horns 1, talons 1, clever 1, clumsy 1,
sense surroundings 2, electricity resistance, slow regeneration 3, wild magic 2
a: Device Recharging, Renounce Religion


You were on level 9 of the Dungeon.
You worshipped Makhleb.
Makhleb was noncommittal.
You were hungry.

You visited 2 branches of the dungeon, and saw 10 of its levels.

You collected 461 gold pieces.

Inventory:

Hand Weapons
 L - a +3 war axe of venom (weapon)
Armour
 a - the +2 robe of Dishonesty {rElec rPois Str-3 Int+3}
   (You found it on level 7 of the Dungeon)

   It affects your strength (-3).
   It affects your intelligence (+3).
   It insulates you from electricity.
   It protects you from poison.
 b - a +0 scale mail (worn)
 c - a +0 shield (worn)
 r - a +0 pair of gloves (worn)
 B - a +1 cloak (worn)
Jewellery
 g - a +2 ring of slaying
 m - a ring of positive energy (right hand)
 o - an amulet of harm (around neck)
 H - an uncursed ring of protection from cold
 I - a ring of protection from magic (left hand)
 N - an uncursed ring of flight
 Q - a cursed amulet of inaccuracy {unknown}
Wands
 e - a wand of heal wounds (4/9)
 E - a wand of confusion (0/48)
 F - a wand of iceblast (4/15)
 P - a wand of enslavement (13/24)
 S - a wand of teleportation (4/9)
Scrolls
 h - 3 scrolls of remove curse
 k - 2 scrolls of amnesia
 q - 3 scrolls of teleportation
 y - a scroll of enchant armour
 D - a scroll of recharging
 G - 2 scrolls of noise
 O - a scroll of torment {unknown}
 R - 2 scrolls of identify
 T - a scroll of enchant weapon
 U - a scroll of silence {unknown}
Potions
 d - 4 potions of brilliance
 j - 2 potions of curing {unknown}
 n - 4 potions of heal wounds {unknown}
 p - 2 potions of degeneration {unknown}
 t - a potion of agility {unknown}
 v - 2 potions of haste {unknown}
 w - 2 potions of lignification {unknown}
 z - 4 potions of might
 A - a potion of ambrosia {unknown}
 J - a potion of berserk rage {unknown}
 K - a potion of magic {unknown}
 M - 2 potions of invisibility {unknown}
Books
 C - a book of Minor Magic

   Spells                             Type                      Level
   a - Magic Dart                     Conjuration                  1
   b - Blink                          Translocation                2
   c - Call Imp                       Summoning                    2
   d - Repel Missiles                 Charms/Air                   2
   e - Slow                           Hexes                        2
   f - Conjure Flame                  Conjuration/Fire             3
   g - Mephitic Cloud                 Conjuration/Poison/Air       3
Comestibles
 f - 9 bread rations
 i - a royal jelly
 l - 5 meat rations
 s - 10 slices of pizza
 u - 3 beef jerkies
 x - 3 fruits


   Skills:
 + Level 7.3 Fighting
 + Level 8.1 Axes
 + Level 4.5 Armour
 + Level 2.7 Dodging
 + Level 8.9 Shields
 + Level 2.9 Invocations


You had 8 spell levels left.
You didn't know any spells.

Dungeon Overview and Level Annotations

Branches:
Dungeon (9/15)             Temple (1/1) D:7
   Lair: D:8-11         Orc: D:9-12

Altars:
Ashenzari
Cheibriados
Dithmenos
Elyvilon
Fedhas
Kikubaaqudgha
Makhleb
Nemelex Xobeh
Okawaru
Pakellas
Qazlal
Ru
Sif Muna
Vehumet
Xom
Yredelemnul
The Shining One

Shops:
D:5 %   D:6 (   D:8 %

Annotations:
D:8 exclusion: statue


Innate Abilities, Weirdness & Mutations

You are resistant to damage.
You can recharge devices by infusing magical energy.
You passively map the area around you.
You do not regenerate naturally.
You have a pair of small horns on your head.
You have sharp toenails.
Your mind is acute. (Int +2)
You are clumsy. (Dex -2)
You are resistant to electric shocks.
Your spells are harder to cast, but more powerful.


Message History

An ogre comes into view. It is wielding a giant club.
The ogre shouts!
Found a scroll labeled SEALUOLARA.
A centaur comes into view.
There are monsters nearby!
There are monsters nearby!
There are monsters nearby!
The centaur shouts!
The centaur wields a shortbow.
The centaur shoots an arrow.
The arrow barely misses you.
You barely miss the ogre. You claw the ogre, but do no damage.
The ogre barely misses you.
You hit the ogre.
The ogre is poisoned.
The ogre is moderately wounded.
The ogre hits you with a giant club!!
* * * LOW HITPOINT WARNING * * *
You closely miss the ogre. Your kick misses the ogre. You headbutt the ogre.
The ogre is heavily wounded.
The ogre hits you with a giant club!
You die...

, ,*
#......#
#.....?#
#......#
,
......+
,,*
..... *
** * ,
.c. *
*#O# , *
#@# ** *
* #.# *
#.# * *,
#.# , *
#.# * *
, #.# ,
, , *
#<# , ,
#.# #.#
, ,


You could see an ogre and a centaur.

Vanquished Creatures
  A wyvern (D:8)
  A hungry ghost (D:8)
  2 hippogriffs
  3 orc warriors
  2 sky beasts (D:5)
  A phantom (D:6)
  2 ice beasts
  A necrophage (D:7)
  3 ogres
  3 centaurs
  3 giant frogs
  3 scorpions
  5 wights (D:6)
  6 crimson imps
  2 orc priests
  A jelly (D:8)
  3 worker ants
  5 orc wizards
  Robin (D:2)
  2 howler monkey skeletons
  4 gnolls (D:5)
  9 adders
  A shadow imp (D:5)
  2 oozes
  An adder zombie (D:7)
  An adder skeleton (D:4)
  2 worms
  3 dart slugs
  4 giant geckos
  18 orcs
  A giant cockroach (D:3)
  15 hobgoblins
  4 jackals (D:2)
  7 quokkas
  A ball python (D:4)
  12 bats
  6 giant newts
  18 goblins
  A jackal skeleton (D:8)
  A jackal zombie (D:5)
  6 kobolds
  6 rats
173 creatures vanquished.

Notes
Turn   | Place    | Note
--------------------------------------------------------------
     0 | D:1      | oplop the Deep Dwarf Fighter began the quest for the Orb.
     0 | D:1      | Reached XP level 1. HP: 20/20 MP: 1/1
     0 | D:1      | Wingboner: !log oplop place=d:14
     0 | D:1      | beem: 6. oplop, XL11 DDFi, T:8581: http://crawl.xtahua.com/crawl/morgue/oplop/morgue-oplop-20160519-015104.txt
     0 | D:1      | Wingboner: Привет.
     0 | D:1      | oplop: ничо, ща норм будет
    21 | D:1      | Wingboner: Э, это не тот.
   119 | D:1      | Wingboner: !log oplop place=d:14 tr
   128 | D:1      | beem: 1. oplop, XL14 TrTm, T:18386: http://crawl.xtahua.com/crawl/morgue/oplop/morgue-oplop-20160519-005956.txt
   196 | D:1      | Reached XP level 2. HP: 27/27 MP: 2/2
   245 | D:1      | Wingboner: Интересно, что ты их в одном месте сложил.
   330 | D:1      | Wingboner: Может, всё-таки не будешь так рано идти вниз?
   330 | D:1      | oplop: кучкой, лол
   330 | D:1      | oplop: наверн
   676 | D:2      | Reached XP level 3. HP: 25/33 MP: 3/3
   860 | D:2      | Found a blossoming altar of Fedhas.
   866 | D:2      | Noticed Robin
   877 | D:2      | Killed Robin
  1034 | D:2      | Reached XP level 4. HP: 32/42 MP: 4/4
  1582 | D:3      | Noticed an orc warrior
  1664 | D:3      | Reached XP level 5. HP: 36/50 MP: 5/5
  1826 | D:3      | Wingboner: AC: 7
  1829 | D:3      | Wingboner: EV: 1
  1840 | D:3      | Found a sparkling altar of Nemelex Xobeh.
  1860 | D:3      | oplop: это что
  1927 | D:4      | Found an oddly glowing altar of Pakellas.
  1938 | D:4      | Wingboner: А не, EV от паралича не передалось призраку.
  1943 | D:4      | Wingboner: Это твой морг.
  1979 | D:4      | Reached skill level 5 in Shields
  2270 | D:4      | Reached XP level 6. HP: 31/57 MP: 6/6
  2399 | D:5      | Entered Level 5 of the Dungeon
  2532 | D:5      | Found a glowing golden altar of the Shining One.
  2575 | D:5      | Noticed a sky beast
  2598 | D:5      | Killed a sky beast
  2604 | D:5      | Gained mutation: You are clumsy. (Dex -2) [mutagenic meat]
  2605 | D:5      | Gained mutation: You have sharp toenails. [mutagenic meat]
  2606 | D:5      | Gained mutation: You have a pair of small horns on your head. [mutagenic meat]
  2607 | D:5      | Gained mutation: You are resistant to electric shocks. [mutagenic meat]
  2670 | D:5      | Reached XP level 7. HP: 36/66 MP: 7/7
  2746 | D:5      | Found an ancient bone altar of Kikubaaqudgha.
  2881 | D:5      | Found Yzaplolli's Food Emporium.
  2896 | D:5      | Reached skill level 5 in Fighting
  2896 | D:5      | Reached skill level 5 in Axes
  2903 | D:5      | Gained mutation: Your spells are a little harder to cast, but a little more powerful. [mutagenic meat]
  2904 | D:5      | Gained mutation: Your spells are harder to cast, but more powerful. [mutagenic meat]
  2906 | D:5      | Gained mutation: Your mind is acute. (Int +2) [mutagenic meat]
  2908 | D:5      | oplop: хорошо поел
  2961 | D:5      | Found a shadowy altar of Dithmenos.
  3112 | D:6      | Found Jomaet's Weapon Shop.
  3121 | D:6      | Wingboner: Мутант.
  3198 | D:6      | oplop: упс
  3205 | D:6      | oplop: сука
  3205 | D:6      | oplop: хуле он не конфузится
  3267 | D:6      | Reached XP level 8. HP: 54/76 MP: 8/8
  3466 | D:6      | Found a stormy altar of Qazlal.
  3885 | D:7      | Got a ripped robe
  3896 | D:7      | Identified the +2 robe of Dishonesty {rElec rPois Str-3 Int+3} (You found it on level 7 of the Dungeon)
  4192 | D:7      | Gained mutation: You passively map the area around you. [Deep Dwarf growth]
  4192 | D:7      | Reached XP level 9. HP: 60/85 MP: 9/9
  4282 | D:7      | Found a staircase to the Ecumenical Temple.
  4395 | D:7      | Reached skill level 1 in Dodging
  4515 | Temple   | Entered the Ecumenical Temple
  4632 | Temple   | Became a worshipper of Makhleb the Destroyer
  4797 | D:8      | Found a radiant altar of Vehumet.
  4826 | D:8      | Found Waheck's Food Shop.
  4829 | D:8      | Reached skill level 1 in Invocations
  5334 | D:8      | Found a shattered altar of Ashenzari.
  5344 | D:8      | Found a sacrificial altar of Ru.
  5378 | D:9      | HP: 4/86 [ogre/giant club (29)]
  5379 | D:9      | Mangled by an ogre

Skill      XL: |  1  2  3  4  5  6  7  8  9 |
---------------+----------------------------+-----
Shields        | 4 5 6 8 |  8.9
Fighting       | 3 4 5 6 7 |  7.3
Axes           | 3 4 6 7 8 |  8.1
Dodging        | 2 |  2.7
Invocations    | 2 |  2.9
Armour         | 4 |  4.5

Action                   |  1- 3 |  4- 6 |  7- 9 || total
-------------------------+-------+-------+-------++-------
Melee: War axe           |    96 |   211 |   226 ||   533
       Kick              |       |     4 |    63 ||    67
       Headbutt          |       |     2 |    41 ||    43
Evoke: Wand              |       |     7 |    14 ||    21
  Use: Potion            |     1 |       |     1 ||     2
       Scroll            |       |     8 |     2 ||    10
  Eat: Chunk             |     1 |    10 |    16 ||    27
Armor: Scale mail        |    50 |   124 |    72 ||   246
Dodge: Dodged            |    40 |    62 |    70 ||   172
Block: Shield            |    61 |   113 |   109 ||   283
